AoeStats
← Tubbi

Arena

507172360Analyzed
4v4 RM · 14d ago on Sep 17, 2026· 46m 2s· 8 players
Game mode
Random Map
Map size
Large (8 player)
Population
200
Speed
Normal
Resources
Standard
Victory
Conquest
Starting age
Dark Age
Ending age
Imperial Age
RankedLock teamsTeams togetherTeam positionsShared explorationLock speedFull tech treeHidden civsTurbo modeCheats
Victory
Defeat
🇨🇱 Celts · Chile
916
+10
🇦🇷 Vietnamese · Argentina
828
+13
🇧🇷 Burgundians · Brazil
821
+14
🇨🇱 Romans · Chile
755
+16
🇺🇸 Sicilians · United States
858
-16
🇲🇽 Celts · Mexico
765
-13
🇺🇸 Lithuanians · United States
755
-13
🇧🇪 Bohemians · Belgium
706
-11
MrMonopoly9165
11:33 Feudal Age
11:34 Loom
16:25 Castle Age
14:47 Double-Bit Axe
20:14 Horse Collar
25:00 Fletching
25:57 Wheelbarrow
26:07 Bodkin Arrow
26:19 Town Watch
26:43 Gold Mining
27:21 Stone Mining
28:07 Scale Barding Armor
29:08 Elite Skirmisher
30:15 Forging
30:25 Chain Barding Armor
30:06 Padded Archer Armor
30:54 Bloodlines
30:45 Husbandry
31:22 Bow Saw
33:20 Iron Casting
33:01 Leather Archer Armor
33:13 Hand Cart
37:21 Imperial Age
35:25 Heavy Plow
36:43 Ballistics
36:34 Masonry
36:21 Murder Holes
38:16 Gold Shaft Mining
37:25 Cavalier
38:47 Hoardings
38:46 Town Patrol
39:39 Stone Shaft Mining
39:34 Siege Engineers
39:40 Hauberk
40:37 Caravan
41:01 Bracer
41:05 Arrowslits
43:20 Blast Furnace
42:56 Plate Barding Armor
42:57 Scale Mail Armor
43:24 Pikeman
.:sTeeL:.
11:27 Feudal Age
12:44 Wheelbarrow
11:53 Horse Collar
12:01 Double-Bit Axe
12:11 Gold Mining
17:57 Castle Age
18:53 Hand Cart
18:42 Heavy Plow
18:55 Bow Saw
19:01 Loom
19:02 Town Watch
19:43 Fervor
29:01 Imperial Age
27:37 Stone Mining
29:19 Elite Leitis
30:21 Conscription
29:52 Treadmill Crane
32:23 Chemistry
33:29 Ballistics
38:14 Two-Man Saw
37:47 Crop Rotation
38:21 Forging
38:17 Scale Barding Armor
39:09 Husbandry
39:20 Bloodlines
40:38 Iron Casting
40:24 Chain Barding Armor
civilalberto
0:30 Loom
16:10 Feudal Age
17:35 Horse Collar
17:42 Double-Bit Axe
17:50 Gold Mining
17:55 Stone Mining
20:23 Castle Age
18:54 Padded Archer Armor
18:54 Scale Mail Armor
21:18 Bow Saw
21:46 Gold Shaft Mining
21:13 Heavy Plow
25:18 Treadmill Crane
25:49 Masonry
27:06 Fortified Wall
26:46 Pikeman
29:13 Ballistics
34:34 Imperial Age
32:59 Wheelbarrow
33:08 Arson
33:32 Caravan
35:31 Siege Engineers
35:39 Halberdier
37:02 Hand Cart
37:48 Leather Archer Armor
37:48 Chain Mail Armor
38:37 Furor Celtica
39:33 Coinage
39:37 Ring Archer Armor
39:22 Chain Mail Armor
40:04 Heavy Scorpion
41:14 Onager
43:16 Banking
42:57 Guilds
43:18 Chain Mail Armor
Josky
11:41 Feudal Age
13:14 Double-Bit Axe
15:20 Horse Collar
20:41 Castle Age
33:08 Loom
40:13 Town Watch
Tubbi
10:52 Feudal Age
15:50 Castle Age
14:19 Double-Bit Axe
14:18 Horse Collar
15:26 Stone Mining
18:15 Stone Shaft Mining
20:31 Loom
23:50 Bow Saw
23:49 Heavy Plow
25:33 Fletching
26:31 Elite Skirmisher
27:17 Thumb Ring
27:18 Padded Archer Armor
28:25 Wheelbarrow
28:39 Town Watch
29:38 Hand Cart
29:56 Gold Mining
29:40 Crossbowman
30:19 Bodkin Arrow
30:39 Leather Archer Armor
34:49 Imperial Age
33:22 Town Patrol
33:48 Ballistics
34:18 Treadmill Crane
35:02 Capped Ram
35:32 Imperial Skirmisher
36:41 Paper Money
36:18 Pikeman
36:58 Squires
37:04 Bracer
37:34 Ring Archer Armor
37:14 Forging
38:25 Chemistry
38:20 Scale Mail Armor
39:32 Iron Casting
38:48 Halberdier
40:50 Chain Mail Armor
42:34 Paper Money
43:30 Onager
46:49 Plate Mail Armor
46:07 Arson
Agasajo
11:21 Feudal Age
9:44 Loom
15:55 Castle Age
15:53 Double-Bit Axe
24:19 Gold Mining
27:00 Horse Collar
29:54 Wheelbarrow
30:07 Bow Saw
30:32 Stone Mining
30:38 Town Watch
31:52 Hand Cart
31:24 Treadmill Crane
37:57 Imperial Age
36:45 Forging
36:35 Scale Mail Armor
36:27 Fletching
36:01 Pikeman
36:27 Arson
37:57 Town Patrol
38:37 Masonry
38:48 Ballistics
38:00 Halberdier
39:05 Caravan
39:10 Heavy Plow
39:05 Capped Ram
41:07 Furor Celtica
41:18 Conscription
41:17 Heavy Scorpion
43:05 Chemistry
42:23 Man-at-Arms
42:48 Gambesons
42:28 Siege Ram
44:14 Iron Casting
43:54 Chain Mail Armor
43:36 Bodkin Arrow
Caduzera
5:26 Loom
9:29 Feudal Age
9:59 Double-Bit Axe
9:56 Horse Collar
11:59 Gold Mining
17:33 Castle Age
21:45 Cavalier
24:24 Stone Mining
27:22 Scale Barding Armor
28:05 Forging
29:41 Iron Casting
30:58 Burgundian Vineyards
34:38 Imperial Age
33:41 Chain Barding Armor
34:43 Paladin
40:30 Blast Furnace
40:26 Plate Barding Armor
elgranraton
13:00 Feudal Age
18:00 Castle Age
16:59 Double-Bit Axe
16:58 Horse Collar
17:25 Scale Mail Armor
19:06 Bow Saw
22:26 Wheelbarrow
22:52 Heavy Plow
26:00 Hand Cart
28:33 Town Watch
28:39 Loom
30:04 Squires
29:25 Pikeman
29:26 Man-at-Arms
30:19 Stone Mining
30:27 Gold Mining
32:00 Forging
32:05 Chain Mail Armor
32:23 Town Patrol
31:51 Long Swordsman
38:03 Ballistas
41:17 Imperial Age
40:03 Gold Shaft Mining
40:38 Caravan
42:22 Comitatenses
42:23 Conscription
43:16 Halberdier
43:18 Legionary
44:35 Ballistics
44:15 Murder Holes
44:40 Heavy Scorpion
Connection lost

Rejoining the realm…

Still unreachable

The connection could not be restored.

Session expired

The server has moved on; the page needs a fresh start.